 Dungeon Crawl Stone Soup version 0.31-a0-355-g57cb03d3e8 (webtiles) character file.

Game seed: 2909906732481975838

1368 HallandMoats the Distorting Demonspawn (level 8, -10/71 HPs)
             Began as a Demonspawn Fighter on July 24, 2023.
             Was a Believer of Lugonu.
             Killed from afar by an oklob sapling (33 damage)
             ... with a splash of acid
             ... on level 5 of the Dungeon.
             The game lasted 00:09:46 (5717 turns).

HallandMoats the Distorting Demonspawn (DsFi)       Turns: 5717, Time: 00:09:46

Health: -10/71     AC:  9    Str: 20    XL:     8   Next: 38%
Magic:  15/15      EV:  8    Int:  9    God:    Lugonu [**....]
Gold:   199        SH:  4    Dex: 12    Spells: 7/7 levels left

rFire   + + .        u - +3 spear
rCold   x . .        c - +0 buckler
rNeg    . . .        x - +0 fire dragon scales
rPois   +            p - +0 helmet
rElec   .            v - scarf {harm}
rCorr   .            m - +0 pair of gloves
SInv    .            (no boots)
Will    +....        (no amulet) Stlth
                     e - ring of poison resistance
HPRegen 0.31/turn    s - ring of willpower
MPRegen 0.14/turn

%: harm (+30% outgoing, +20% incoming)
@: corroded
A: rugged brown scales 2, powered by death 1
a: Renounce Religion, Depart the Abyss, Banish


You were on level 5 of the Dungeon.
You worshipped Lugonu.
Lugonu was pleased with you.
You visited 1 branch of the dungeon, and saw 5 of its levels.

You collected 199 gold pieces.

Inventory:

Hand Weapons
 a - a +0 war axe
 u - a +3 spear (weapon)
 y - a +2 battleaxe of freezing
Armour
 c - a +0 buckler (worn)
 m - a +0 pair of gloves (worn)
 p - a +0 helmet (worn)
 v - a scarf of harm (worn)
 x - +0 fire dragon scales (worn)
Jewellery
 e - a ring of poison resistance (left hand)
 q - a ring of see invisible
 s - a ring of willpower (right hand)
Scrolls
 b - a scroll of enchant armour {unknown}
 d - 2 scrolls of identify
 f - a scroll of revelation
 g - 2 scrolls of blinking {unknown}
 h - a scroll of immolation {unknown}
 i - a scroll of vulnerability {unknown}
 k - a scroll of fog {unknown}
 n - 2 scrolls of amnesia {unknown}
 r - a scroll of silence {unknown}
 t - a scroll of brand weapon {unknown}
Potions
 j - 3 potions of magic
 l - a potion of attraction
 o - 2 potions of brilliance {unknown}


   Skills:
 + Level 7.9 Fighting
 - Level 1.7 Axes
 - Level 2.6 Armour
 - Level 2.6 Shields
 + Level 9.4 Invocations


You had 7 spell levels left.
You didn't know any spells.
Your spell library contained the following spells:

 Spells                   Type           Power      Damage    Failure   Level
 Stone Arrow              Conj/Erth      0%         3d7       99%         3
 Sticky Flame             Conj/Fire      0%         2d3       100%        4
 Irradiate                Conj/Tmut      0%         3d11      100%        5
 Silence                  Hex/Air        0%         N/A       100%        5


Dungeon Overview and Level Annotations

Branches:
Dungeon (5/15)             Temple (0/1) D:5

Altars:
Ru
Sif Muna
Lugonu

Shops:
D:4 [   D:5 :*

Annotations:
D:5 exclusion: oklob sapling


Innate Abilities, Weirdness & Mutations

You are mostly covered in rugged brown scales. (AC +2, +5% HP)
You regenerate a little health from kills.


Message History

You block the hound's attack.
You hit the hound.
You kill the hound!
Lugonu accepts your kill.
Found a stone staircase leading up.
There is an entrance to Foagg's Assorted Antiques here.
Partly explored, can't reach some places.
Partly explored, can't reach some places.
Partly explored, can't reach some places.
Really walk into a travel-excluded area?
The oklob sapling spits acid at you. The splash of acid hits you!!
There is a staircase to the Ecumenical Temple here.
You hit the oklob sapling.
The oklob sapling is moderately damaged.
You hit the oklob sapling but do no damage.
The oklob sapling is moderately damaged.
You hit the oklob sapling but do no damage.
The oklob sapling is moderately damaged.
You hit the oklob sapling but do no damage.
The oklob sapling is moderately damaged.
You hit the oklob sapling but do no damage.
The oklob sapling is moderately damaged.
The oklob sapling spits acid at you. The splash of acid hits you!!
You hit the oklob sapling but do no damage.
The oklob sapling is moderately damaged.
You puncture the oklob sapling!
The oklob sapling is severely damaged.
You hit the oklob sapling but do no damage.
The oklob sapling is severely damaged.
The oklob sapling spits acid at you. The splash of acid hits you.
The acid corrodes you!
You hit the oklob sapling but do no damage.
The oklob sapling is severely damaged.
You hit the oklob sapling but do no damage.
The oklob sapling is severely damaged.
The oklob sapling spits acid at you. The splash of acid hits you!!
You die...

.#.......#...........##)#.#.#
.#.#.##..#..............#<#.#####
.#.#..#..#..........#.#####......
...#.....#......###.#.#..).....).
##.#..#.##.########.#.#.###......
###..#....##....................
####.......##.P.P......####......
.....#####.##..PP..P..).....#####
###### #))#...@.......#########
#....# ##.......P.......#......
#..#.# ##..PP.......##.#.####.
#..#.# #.P....P.........# #.
....)# ##....##.#'##..#.# ##.
##.### #.......#######.###.. ##.#
#....#..##......#.... ##.#
#....#..##.######.##. ##)##
###.....#........∩..##.


You could see an oklob sapling.

Vanquished Creatures
  A water moccasin (D:5)
  An orc warrior (D:5)
  An ogre (D:5)
  The ghost of bahustanut the Insei, an amateur OpSh (D:3)
  A scorpion (D:5)
  A wyvern skeleton (D:4)
  A water moccasin skeleton (D:4)
  3 orc priests
  4 hounds
  A centaur skeleton (D:4)
  3 iguanas
  3 orc wizards
  The ghost of randomguy2701 the Trooper, a weakling HOFi (D:4)
  5 adders
  A white imp (D:5)
  A worm (D:2)
  4 dart slugs
  17 orcs
  5 ball pythons
  7 endoplasms
  3 giant cockroaches
  9 goblins
  7 hobgoblins
  6 jackals
  3 kobolds
  A quokka (D:3)
  7 bats
  5 frilled lizards
  8 rats
111 creatures vanquished.

Vanquished Creatures (others)
  A sky beast (D:5)
  An orc wizard (D:5)
2 creatures vanquished.

Grand Total: 113 creatures vanquished

Notes
Turn   | Place    | Note
-------+----------+-------------------------------------------
     0 | D:1      | HallandMoats the Demonspawn Fighter began the quest for the
                  | Orb.
     0 | D:1      | Reached XP level 1. HP: 18/18 MP: 1/1
   115 | D:1      | Reached skill level 1 in Invocations
   152 | D:1      | Gained mutation: You regenerate a little health from kills.
                  | [demonic ancestry]
   152 | D:1      | Reached XP level 2. HP: 23/24 MP: 1/3
   378 | D:1      | Reached skill level 2 in Invocations
   904 | D:2      | Reached XP level 3. HP: 27/28 MP: 4/4
   919 | D:2      | Found a faded altar of an unknown god.
   985 | D:2      | Prayed at the altar of an unknown god.
   985 | D:2      | Became a worshipper of Lugonu the Unformed
   985 | D:2      | Reached * piety under Lugonu
  1101 | D:2      | Reached skill level 3 in Invocations
  1429 | D:3      | Gained mutation: You are partially covered in rugged brown
                  | scales. (AC +1, +3% HP) [demonic ancestry]
  1429 | D:3      | Reached XP level 4. HP: 26/38 MP: 6/6
  1481 | D:3      | Found a runed translucent door.
  1481 | D:3      | Noticed bahustanut's ghost (amateur OpSh)
  1561 | D:3      | Reached ** piety under Lugonu
  1855 | D:3      | Found a sacrificial altar of Ru.
  1906 | D:3      | Found a shimmering blue altar of Sif Muna.
  1946 | D:3      | Reached skill level 4 in Invocations
  2376 | D:3      | Killed bahustanut's ghost
  2377 | D:3      | Reached XP level 5. HP: 29/44 MP: 8/8
  2672 | D:4      | Reached skill level 5 in Fighting
  2672 | D:4      | Reached skill level 5 in Invocations
  2728 | D:4      | Reached XP level 6. HP: 52/52 MP: 10/10
  2897 | D:4      | Found Tejycol's Armour Shoppe.
  3239 | D:4      | Found a transporter.
  3265 | D:4      | Found a transporter.
  3322 | D:4      | Noticed randomguy2701's ghost (weakling HOFi)
  3393 | D:4      | Killed randomguy2701's ghost
  3394 | D:4      | Reached skill level 6 in Invocations
  3404 | D:4      | HP: 2/52 [wyvern skeleton (6)]
  4060 | D:5      | Entered Level 5 of the Dungeon
  4119 | D:5      | Gained mutation: You are mostly covered in rugged brown
                  | scales. (AC +2, +5% HP) [demonic ancestry]
  4119 | D:5      | Reached XP level 7. HP: 53/60 MP: 10/12
  4180 | D:5      | Reached skill level 7 in Invocations
  4273 | D:5      | Found a staircase to the Ecumenical Temple.
  4509 | D:5      | Reached skill level 8 in Invocations
  4975 | D:5      | Reached XP level 8. HP: 48/70 MP: 14/14
  5456 | D:5      | Found Foagg's Assorted Antiques.
  5458 | D:5      | Noticed a troll
  5461 | D:5      | Banished a troll
  5462 | D:5      | Reached skill level 9 in Invocations
  5463 | D:5      | Got the Parchment of the Conjured Wind
  5512 | D:5      | Found Vyquad's Tiny Tomes.
  5717 | D:5      | Killed from afar by an oklob sapling

Illustrated notes

Levels and vault maps discovered:
D:1:      co_arrival_random_square_maze, layout_loops_ring
D:2:      layout_rooms, shapermc_ecumenical_altar_mp_highgroup
D:3:      layout_basic, mainiacjoe_overflow_large_starburst,
          hellmonk_ghost_happy_afterlife, minmay_misc_feat_hallway
D:4:      layout_basic, gammafunk_ghost_mausoleum, serial_shops, shop,
          nrook_loot_triangle, grunt_decor_mini_mirrors, minivault_4,
          chequers_serial_rivers_small_3, nicolae_letterblocks
          [nicolae_letter_subblock, nicolae_letter_subblock,
          nicolae_letter_subblock, nicolae_letter_subblock,
          nicolae_letter_subblock, nicolae_letter_subblock,
          nicolae_letter_subblock, nicolae_letter_subblock,
          nicolae_letter_subblock, nicolae_letter_subblock,
          nicolae_letter_subblock, nicolae_letter_subblock,
          nicolae_letter_subblock, nicolae_letter_subblock,
          nicolae_letter_subblock, nicolae_letter_subblock,
          nicolae_letter_subblock, nicolae_letter_subblock,
          nicolae_letter_subblock, nicolae_letter_subblock,
          nicolae_letter_subblock, nicolae_letter_subblock,
          nicolae_letter_subblock, nicolae_letter_subblock,
          nicolae_letter_subblock]
D:5:      layout_basic, minmay_temple_entry_oklob, serial_shops, shop,
          nicolae_shop_i_like_small_books_too

Skill      XL: |  1  2  3  4  5  6  7  8 |
---------------+-------------------------+-----
Invocations    | 1 2 3 4 5 6 8 9 |  9.4
Fighting       | 4 5 6 7 |  7.9
Axes           | |  1.7
Armour         | |  2.6
Shields        | |  2.6

Action                     |  1- 3 |  4- 6 |  7- 9 || total
---------------------------+-------+-------+-------++-------
  Melee: War axe           |   135 |    30 |       ||   165
         Spear             |       |   140 |   154 ||   294
 Invoke: Banish            |       |       |     1 ||     1
    Use: Scroll            |       |     6 |     1 ||     7
         Potion            |       |     6 |       ||     6
   Stab: Invisible         |       |     4 |       ||     4
 Armour: Scale mail        |    87 |   105 |       ||   192
         Skin              |       |    19 |       ||    19
         Fire dragon scale |       |     5 |    79 ||    84
  Dodge: Dodged            |    85 |    97 |    53 ||   235
  Block: Buckler           |    49 |    51 |    32 ||   132

Table legend: (Time is in decaauts)
 A = Elapsed time spent in this place.
 B = Non-inter-level travel time spent in this place.
 C = Inter-level travel time spent in this place.
 D = Time resting spent in this place.
 E = Time spent auto-exploring this place.
 F = Levels seen in this place.
 G = Mean time per level.
                   A        B        C        D        E       F      G
               +--------+--------+--------+--------+--------+-----+--------+
         Total |   5822 |   5687 |    135 |   1177 |   3172 |   5 | 1164.4 |
       Dungeon |   5822 |   5687 |    135 |   1177 |   3172 |   5 | 1164.4 |
               +--------+--------+--------+--------+--------+-----+--------+

Top non-repeatable levels by time:
     D:5: 1670 daAuts
     D:4: 1423 daAuts
     D:3: 1259 daAuts
     D:1: 880 daAuts
     D:2: 588 daAuts
